 Dungeon Crawl Stone Soup version 0.27.0-1-g7a089689b8 (webtiles) character file.

Game seed: 3910863123642439752

646 bnorton916 the Magician (level 7, 0/31 (36) HPs)
             Began as a Deep Elf Conjurer on Aug 7, 2021.
             Was an Initiate of Vehumet.
             Slain by Edmund (9 damage)
             ... on level 4 of the Dungeon.
             The game lasted 00:06:09 (5035 turns).

bnorton916 the Magician (Deep Elf Conjurer)         Turns: 5035, Time: 00:06:10

HP:   0/31 (36)     AC:  5    Str:  4    XL:     7   Next: 27%
MP:   11/19         EV: 12    Int: 25    God:    Vehumet [......]
Gold: 185           SH:  0    Dex: 13    Spells: 9/20 levels left

rFire    . . .     SeeInvis .   k - +1 short sword (elec)
rCold    . . .     Faith    .   (no shield)
rNeg     . . .     Spirit   .   a - +0 robe
rPois    .         Reflect  .   o - +0 helmet
rElec    .         Harm     .   m - +1 cloak
rCorr    .         Rampage  .   (no gloves)
Will     .....                  (no boots)
Stlth    ++........             (no amulet)
HPRegen  0.10/turn              (no ring)
MPRegen  0.16/turn              (no ring)

@: heavily drained
A: no striking features
a: Renounce Religion


You were on level 4 of the Dungeon.
You worshipped Vehumet.
Vehumet was noncommittal.
You visited 2 branches of the dungeon, and saw 5 of its levels.

You collected 185 gold pieces.

Inventory:

Hand Weapons
 g - a +0 dagger of draining
 k - a +1 short sword of electrocution (weapon)
Armour
 a - a +0 robe (worn)
 m - a +1 cloak (worn)
 o - a +0 helmet (worn)
Magical Staves
 r - a staff of cold
Wands
 i - a wand of charming (6)
 n - a wand of polymorph (14)
Scrolls
 b - 2 scrolls of identify
 c - a scroll of fog
 h - a scroll of amnesia {unknown}
 s - 2 scrolls of summoning
Potions
 d - 3 potions of flight
 e - 6 potions of curing {unknown}
 f - 2 potions of heal wounds
 j - 2 potions of haste
 l - a potion of resistance {unknown}
 p - a potion of might


   Skills:
 - Level 2.4 Dodging
 - Level 2.4 Stealth
 + Level 7.4 Spellcasting
 + Level 7.2 Conjurations
 + Level 2.4 Hexes
 + Level 1.9 Translocations


You had 9 spell levels left.
You knew the following spells:

 Your Spells              Type           Power      Damage    Failure   Level
a - Magic Dart            Conj           100%       1d8       1%          1
b - Searing Ray           Conj           90%        3d6       1%          2
c - Fulminant Prism       Conj/Hex       16%        3d11      9%          4
d - Iskenderun's Mystic   Conj/Tloc      32%        2d8       10%         4

Your spell library contained the following spells:

 Spells                   Type           Power      Damage    Failure   Level
 Dazzling Flash           Conj/Hex       66%        N/A       2%          3


Dungeon Overview and Level Annotations

Branches:
Dungeon (4/15)             Temple (1/1) D:4

Altars:
Ashenzari
Cheibriados
Dithmenos
Gozag
Makhleb
Nemelex Xobeh
Okawaru
Qazlal
Ru
Trog
Uskayaw
Vehumet
Yredelemnul

Annotations:
D:4 Edmund


Message History

Casting: Magic Dart (safe; 1% risk of failure)
Confirm with . or Enter, or press ? or * to list all spells.
Aiming: Searing Ray (safe; 1% risk of failure)
Press: ? - help, Shift-Dir - straight line, f/p - Edmund
Aim: Edmund, wielding a +2 flail of draining and wearing a +0 leather armour (lightly wounded, 82% to hit)
The searing ray hits Edmund!
Edmund is moderately wounded. (Press . to maintain the ray.) Edmund hits you with a +2 flail of draining.
You feel drained.
The searing ray hits Edmund!
Edmund is heavily wounded.
Edmund closely misses you.
The searing ray hits Edmund!
Edmund is almost dead.
Edmund barely misses you.
The searing ray hits Edmund.
Edmund is almost dead.
You finish channeling your searing ray.
Edmund drinks a potion.
Edmund is healed!
Unknown command.
Casting: Searing Ray (safe; 1% risk of failure)
Confirm with . or Enter, or press ? or * to list all spells.
Aiming: Searing Ray (safe; 1% risk of failure)
Press: ? - help, Shift-Dir - straight line, f/p - Edmund
Aim: Edmund, wielding a +2 flail of draining and wearing a +0 leather armour (lightly wounded, 82% to hit)
The searing ray hits Edmund.
Edmund is moderately wounded. (Press . to maintain the ray.) Edmund hits you with a +2 flail of draining!
You feel drained.
The searing ray hits Edmund!
Edmund is heavily wounded.
Edmund hits you with a +2 flail of draining!
You feel drained.
* * * LOW HITPOINT WARNING * * *
The searing ray hits Edmund.
Edmund is severely wounded.
Edmund hits you with a +2 flail of draining!
You die...

#.#
#...................#........
#.#
#.................#.#........
#.#
#.....#......................
#.#
#.....#.#######...#.......###
#.# #...###.# #......)..#..#
#.# #...# #.........#..# #.#
#...# #.........#..# #.#
#...# #.#######...#.####..#
#.# #.....@@........##..# #.#
##########.##.#.##..#
#.##################.##.#.#
..#
#.....................#.#..
####################..#.####
#..#.# #..#.# ##.#.. .#


You could see Edmund.

Vanquished Creatures
  Grinder (D:4)
  A scorpion (D:4)
  A hound (D:3)
  Crazy Yiuf (D:3)
  2 iguanas (D:4)
  Robin (D:3)
  8 gnolls
  9 adders
  An adder skeleton (D:4)
  4 worms
  4 dart slugs
  2 orcs (D:3)
  7 ball pythons (D:1)
  4 endoplasms
  2 giant cockroaches
  15 goblins
  4 hobgoblins
  2 jackals (D:2)
  6 kobolds
  2 quokkas
  9 bats
  A frilled lizard (D:3)
  4 rats
91 creatures vanquished.

Notes
Turn   | Place    | Note
-------+----------+-------------------------------------------
     0 | D:1      | bnorton916 the Deep Elf Conjurer began the quest for the
                  | Orb.
     0 | D:1      | Reached XP level 1. HP: 10/10 MP: 6/6
   138 | D:1      | Reached XP level 2. HP: 15/15 MP: 2/8
   590 | D:1      | You fall into a shaft and drop 1 floor!
   951 | D:2      | Reached skill level 5 in Conjurations
   951 | D:2      | Reached XP level 3. HP: 19/19 MP: 5/10
   975 | D:2      | Learned a level 2 spell: Searing Ray
  1137 | D:2      | Reached XP level 4. HP: 15/24 MP: 0/12
  1831 | D:2      | Reached skill level 5 in Spellcasting
  2302 | D:3      | Found a runed translucent door.
  2303 | D:3      | Noticed Crazy Yiuf
  2340 | D:3      | Killed Crazy Yiuf
  2341 | D:3      | Reached XP level 5. HP: 20/28 MP: 5/14
  2585 | D:3      | Noticed Robin
  2813 | D:3      | Killed Robin
  2925 | D:3      | Learned a level 4 spell: Fulminant Prism
  2930 | D:3      | Learned a level 4 spell: Iskenderun's Mystic Blast
  3896 | D:4      | Found a staircase to the Ecumenical Temple.
  3934 | Temple   | Entered the Ecumenical Temple
  4016 | Temple   | Became a worshipper of Vehumet
  4123 | D:4      | Reached XP level 6. HP: 26/32 MP: 8/17
  4227 | D:4      | Noticed Grinder
  4433 | D:4      | Paralysed by Grinder for 6 turns
  4439 | D:4      | Killed Grinder
  4440 | D:4      | Reached skill level 1 in Translocations
  4440 | D:4      | Reached XP level 7. HP: 26/36 MP: 8/19
  5019 | D:4      | Noticed Edmund
  5035 | D:4      | Slain by Edmund

Illustrated notes

Levels and vault maps discovered:
D:1:      minmay_arrival_up_and_down, layout_loops_corners,
          hellmonk_ecumenical_altar_leap_of_faith, minmay_pentomino_z4
D:2:      layout_loops_ring, minmay_fractal_squares_gapless_5
D:3:      layout_basic, uniq_crazy_yiuf_cottage, uniq_robin
D:4:      layout_basic, temple_fountains, uniq_grinder, uniq_edmund
Temple:   nicolae_temple_god_jail

Skill      XL: |  1  2  3  4  5  6 |
---------------+-------------------+-----
Spellcasting   | 4 5 6 7 |  7.4
Conjurations   | 5 6 7 |  7.2
Hexes          | 2 |  2.4
Translocations | 1 |  1.9
Dodging        | |  2.4
Stealth        | |  2.4

Action                   |  1- 3 |  4- 6 |  7- 9 || total
-------------------------+-------+-------+-------++-------
 Cast: Magic Dart        |    53 |   112 |    19 ||   184
       Searing Ray       |     3 |    11 |     3 ||    17
  Use: Scroll            |       |     7 |       ||     7
Armor: Robe              |       |     8 |       ||     8
Dodge: Dodged            |     7 |    16 |     2 ||    25
